 Dungeon Crawl Stone Soup version 0.22-b1-21-g5cfc168 (webtiles) character file.

60 tyranidshit the Skirmisher (level 3, 0/32 HPs)
             Began as a Demonspawn Abyssal Knight on Aug 5, 2018.
             Was a Believer of Lugonu.
             Succumbed to an adder's poison
             ... on level 2 of the Dungeon.
             The game lasted 00:04:05 (998 turns).

tyranidshit the Skirmisher (DsAK)                    Turns: 998, Time: 00:04:06

Health: 0/32       AC:  8    Str: 15    XL:     3   Next: 82%
Magic:  4/4        EV: 11    Int: 13    God:    Lugonu [**....]
Gold:   87         SH:  0    Dex: 12    Spells: 2/2 levels left

rFire    . . .     SeeInvis +   a - +1 hand axe
rCold    + . .     Gourm    .   (no shield)
rNeg     . . .     Faith    .   b - +0 leather armour
rPois    .         Spirit   .   e - +2 helmet {SInv}
rElec    .         Reflect  .   (no cloak)
rCorr    .         Harm     .   (no gloves)
MR       +....                  (no boots)
Stlth    +.........             (no amulet)
HPRegen  0.10/turn              f - ring of protection from magic
MPRegen  0.09/turn              (no ring)

@: lethally poisoned (0 -> -3)
A: iridescent scales 1, cold resistance 1, powered by death 1, strong 1
a: Depart the Abyss, Bend Space, Renounce Religion


You were on level 2 of the Dungeon.
You worshipped Lugonu.
Lugonu was pleased with you.
You were not hungry.

You visited 1 branch of the dungeon, and saw 2 of its levels.
You visited the Abyss 1 time.

You collected 87 gold pieces.

Inventory:

Hand Weapons
 a - a +1 hand axe (weapon)
Armour
 b - a +0 leather armour (worn)
 e - a +2 helmet of see invisible (worn)
Jewellery
 f - a ring of protection from magic (left hand)
Scrolls
 d - a scroll of identify
Comestibles
 c - 7 rations


   Skills:
 + Level 4.8 Fighting
 - Level 1.7 Axes
 - Level 1.7 Armour
 - Level 0.8 Dodging
 - Level 2.4 Invocations


You had 2 spell levels left.
You didn't know any spells.
Your spell library was empty.

Dungeon Overview and Level Annotations

Branches:
Dungeon (2/15)

Altars:
Xom


Innate Abilities, Weirdness & Mutations

You are partially covered in iridescent scales. (AC +2)
You regenerate a little health from kills.
Your flesh is cold resistant. (rC+)
Your muscles are strong. (Str +2)


Message History

The adder bites you.
* * * LOW HITPOINT WARNING * * *
You are lethally poisoned!
The adder poisons you!
* * * LOW HITPOINT WARNING * * *
You feel sick.
* * * LOW HITPOINT WARNING * * *
You feel sick. The adder bites you.
* * * LOW HITPOINT WARNING * * *
You hit the adder but do no damage. The adder barely misses you.
You barely miss the adder.
* * * LOW HITPOINT WARNING * * *
You feel sick. The adder barely misses you.
The adder bites you but does no damage.
You closely miss the adder. The adder barely misses you.
You hit the adder but do no damage. The adder bites you but does no damage.
The adder completely misses you.
You closely miss the adder.
You die...

.#....###..#.# #.#
##..!.# ##..>###.#
......# #....##.#
.....## #.##.##.##
...### #.##.....##
#### #.#####...# #
#.# #w#.# ..#
#S#.######## ?#
#@#...#....#
##.###.#....#
##.<# #......#
####...####...><#
#................#
..##....#####....#
#....# #....#
....#### #....#
#### #....#


You could see a worm and an adder.

Vanquished Creatures
  Robin (D:2)
  A worm (D:2)
  2 leopard geckos (D:1)
  A ball python (D:1)
  11 goblins
  9 hobgoblins
  A quokka (D:2)
  4 bats (D:1)
  3 frilled lizards
  4 kobolds
  5 rats
42 creatures vanquished.

Notes
Turn   | Place    | Note
-------+----------+-------------------------------------------
     0 | Abyss:1  | tyranidshit the Demonspawn Abyssal Knight began the quest for the Orb.
     0 | Abyss:1  | Reached XP level 1. HP: 18/18 MP: 2/2
   151 | Abyss:1  | Noticed a golden eye
   151 | Abyss:1  | Noticed a smoke demon
   152 | D:1      | Escaped the Abyss
   243 | D:1      | Reached * piety under Lugonu
   247 | D:1      | Gained mutation: You are partially covered in iridescent scales. (AC +2) [demonic ancestry]
   247 | D:1      | Reached XP level 2. HP: 24/24 MP: 3/3
   416 | D:1      | Found a shimmering altar of Xom.
   511 | D:1      | Reached skill level 4 in Fighting
   790 | D:2      | Gained mutation: Your flesh is cold resistant. (rC+) [potion of mutation]
   790 | D:2      | Gained mutation: Your muscles are strong. (Str +2) [potion of mutation]
   871 | D:2      | Gained mutation: You regenerate a little health from kills. [demonic ancestry]
   871 | D:2      | Reached XP level 3. HP: 16/30 MP: 4/4
   872 | D:2      | Noticed Robin
   892 | D:2      | Killed Robin
   930 | D:2      | Reached ** piety under Lugonu
   995 | D:2      | HP: 1/32 [poisoned by an adder]
   998 | D:2      | Succumbed to an adder's poison

Skill      XL: |  1  2 |
---------------+-------+-----
Fighting       | 4 |  4.8
Axes           | |  1.7
Armour         | |  1.7
Dodging        | |  0.8
Invocations    | |  2.4

Action                   || total
-------------------------++-------
Melee: Hand axe          ||   110
Invok: Depart the Abyss  ||     1
  Use: Potion            ||     3
       Scroll            ||     1
Armor: Leather armour    ||    33
Dodge: Dodged            ||    74
